 Dungeon Crawl Stone Soup version 0.17-a0-427-ga655056 (webtiles) character file.

41 McCoppin the Sneak (level 3, 0/17 HPs)
             Began as a Felid Monk on Apr 3, 2015.
             Killed by nerve-wracking pain
             ... invoked by Grinder
              (1 damage)
             ... on level 3 of the Dungeon.
             The game lasted 00:11:29 (2586 turns).

McCoppin the Sneak (Felid Monk)                     Turns: 2586, Time: 00:11:29

Health: 0/17       AC:  1    Str:  7      XL:     3   Next: 32%
Magic:  4/4        EV: 19    Int: 10 (12) God:
Gold:   123        SH:  0    Dex: 18      Spells: 0 memorised, 2 levels left
                                        Lives:  0   Deaths: 1

rFire  + . .     SeeInvis +       - Unarmed
rCold  + . .     Clarity  .     (armour unavailable)
rNeg   . . .     SustAb   .     (shield unavailable)
rPois  +         Gourm    .     (helmet unavailable)
rElec  +         Spirit   .     (cloak unavailable)
rCorr  +         Warding  .     (gloves unavailable)
rMut   .         Stasis   .     (boots unavailable)
MR     .....                    (no amulet)
Stlth  ++++......               (no ring)
                                (no ring)

@: resistant, flying, very slightly contaminated, hasted, very quick, not
resistant to hostile enchantments, stealthy
A: no armour, no weapons or thrown items, claws 1, fangs 3, see invisible,
carnivore 3, speed 1, shaggy fur 1, slow metabolism 1, sharp paws
a: no special abilities


You were on level 3 of the Dungeon.
You were not hungry.

You visited 1 branch of the dungeon, and saw 3 of its levels.

You collected 123 gold pieces.

Inventory:

Scrolls
 f - a scroll of immolation {unknown}
 g - a scroll of blinking {unknown}
 l - a scroll of remove curse {unknown}
 m - a scroll of random uselessness {unknown}
Potions
 e - 2 potions of curing
 h - a potion of restore abilities
 i - a potion of degeneration
Comestibles
 b - 2 meat rations
 c - 2 beef jerkies


   Skills:
 - Level 3.0 Fighting
 - Level 4.0 Dodging
 * Level 5.6 Stealth
 + Level 4.6 Unarmed Combat


You had 2 spell levels left.
You didn't know any spells.

Dungeon Overview and Level Annotations

Branches:
Dungeon (3/15)

Altars:
Nemelex Xobeh
Trog

Annotations:
D:3 Conn321's ghost, weakling CeWz; Grinder


Innate Abilities, Weirdness & Mutations

You cannot wear armour.
You are incapable of wielding weapons or throwing items.
You have sharp fingernails.
You have razor-sharp teeth.
You have supernaturally acute eyesight.
You are carnivorous and can eat meat at any time.
You cover ground quickly.
You are covered in fur (AC +1).
You have a slow metabolism.
Your paws have sharp claws that are effective at stabbing.


Message History

It was a potion of restore abilities.
You feel refreshed. Grinder gestures at you.
You barely resist.
Drink which item? (? for menu, Esc to quit)
It was a potion of degeneration.
There was something very wrong with that liquid.
You feel dopey.
Drink which item? (? for menu, Esc to quit)
You don't have any such object.
Drink which item? (? for menu, Esc to quit)
You don't have any such object.
Drink which item? (? for menu, Esc to quit)
Okay, then.
Unknown command.
Drink which item? (? for menu, Esc to quit)
It was a potion of haste.
You feel yourself speed up.
You are very lightly contaminated with residual magic.
Grinder gestures at you. Pain shoots through your body!
You die...

#.# .# ##### #######.##.###
#..<######............##
#.#............>........#
#...######.#####.##.#.#.#..
##.## #.# #...........#
####.#######.#
##.###.#.#.###
..........##.###..........
####.###.......5@.#####.##
####.###.###.####)# .#
........ #.# #... #
.###.... . ...... .# #.###
........ .# #.. ##.###.# .#
#.# # #.. .. .###.###.# ###
.........#.


You could see Grinder.

Vanquished Creatures
  2 adders (D:2)
  3 giant geckos
  An ooze (D:2)
  4 orcs (D:3)
  3 giant cockroaches
  7 goblins
  8 hobgoblins
  5 kobolds
  2 ball pythons
  3 bats
  4 giant newts
  10 jackals (D:1)
  4 rats
56 creatures vanquished.

Notes
Turn   | Place    | Note
--------------------------------------------------------------
     0 | D:1      | McCoppin, the Felid Monk, began the quest for the Orb.
     0 | D:1      | Reached XP level 1. HP: 10/10 MP: 2/2
   274 | D:1      | Reached XP level 2. HP: 14/14 MP: 3/3
   750 | D:1      | Reached XP level 3. HP: 17/17 MP: 4/4
  1686 | D:2      | Reached skill level 5 in Stealth
  2021 | D:2      | Found a sparkling altar of Nemelex Xobeh.
  2022 | D:2      | Found a bloodstained altar of Trog.
  2041 | D:2      | Reached XP level 4. HP: 21/21 MP: 5/5
  2449 | D:3      | Noticed Conn321's ghost (weakling CeWz)
  2520 | D:3      | Killed from afar by an orc priest
  2521 | D:3      | Reached XP level 3. HP: -4/17 MP: 4/4
  2558 | D:3      | Noticed Grinder
  2566 | D:3      | Paralysed by Grinder for 3 turns
  2578 | D:3      | Paralysed by Grinder for 5 turns
  2586 | D:3      | Killed from afar by Grinder

Action                   |  1- 3 |  4- 6 || total
-------------------------+-------+-------++-------
Melee: Unarmed           |   115 |    24 ||   139
  Use: Potion            |     5 |       ||     5
       Scroll            |       |     1 ||     1
 Stab: Sleeping          |     8 |     1 ||     9
  Eat: Chunk             |     9 |     1 ||    10
